 Crawl Stoat Soup version 0.23-s1-317-gbd4c704606 (console) character file.

10212 hilarita the Basher (level 11, -7/117 HPs)
             Began as an Ogre Berserker on Apr 17, 2022.
             Was a High Priest of Trog.
             Splashed by an orc's acid (12 damage)
             ... on level 11 of the Dungeon.
             The game lasted 00:33:04 (15677 turns).

hilarita the Basher (Ogre Berserker)               Turns: 15677, Time: 00:33:05

Health: -7/117     AC: -3    Str: 28    XL:     11   Next: 58%
Magic:  11/11      EV: 12    Int:  8    God:    Trog [*****.]
Gold:   661        SH: 12    Dex:  8    Spells: 10/10 levels left

rFire    + . .     SeeInvis .   h - +2 flail (protect)
rCold    . . .     Gourm    .   k - +1 shield
rNeg     . . .     Faith    .   t - +2 robe {rF+}
rPois    .         Spirit   .   (helmet restricted)
rElec    .         Warding  .   (no cloak)
rCorr    .         Reflect  .   (gloves unavailable)
MR       +....     Harm     .   (boots unavailable)
Stlth    +.........             F - amulet of the acrobat
HPRegen  0.29/turn              y - +2 ring of strength
MPRegen  0.12/turn              (no ring)

@: corroded
A: large, unfitting armour, tough skin 1
a: Berserk, Trog's Hand, Brothers in Arms, Renounce Religion


You were on level 11 of the Dungeon.
You worshipped Trog.
Trog was extremely pleased with you.
You were not hungry.

You visited 1 branch of the dungeon, and saw 11 of its levels.

You collected 661 gold pieces.

Inventory:

Hand Weapons
 a - a +1 whip of flaming
 h - a +2 flail of protection (weapon)
 q - a +0 morningstar
 C - the +6 giant spiked club of Othriafonk {drain, -Tele rN+ Dex+7}
   (Trog gifted it to you on level 10 of the Dungeon)

   A truly terrible weapon, it drains the life of those it strikes.
   It affects your dexterity (+7).
   It protects you from negative energy.
   It prevents most forms of teleportation.
Missiles
 b - 64 poisoned darts (quivered)
 H - 4 javelins
Armour
 k - a +1 shield (worn)
 t - a +2 robe of fire resistance (worn)
Jewellery
 y - a +2 ring of strength (left hand)
 F - an amulet of the acrobat (around neck)
 G - an uncursed ring of ice
Wands
 j - 2 wands of mindburst (27 charges)
 l - 2 wands of acid (9 charges)
 n - 2 wands of digging (18 charges)
 o - 3 wands of polymorph (31 charges)
 p - a wand of charm monster (13 charges)
 u - a wand of iceblast (9 charges)
Scrolls
 g - 7 scrolls of remove curse
 m - 3 scrolls of enchant weapon
 r - 6 scrolls of teleportation
 w - 3 scrolls of magic mapping
 x - 3 scrolls of blinking
 E - a scroll of summoning
Potions
 d - 2 potions of mutation
 e - a potion of flight
 f - 3 potions of might
 s - a potion of berserk rage
 v - 2 potions of curing
 z - a potion of resistance
 A - a potion of magic
 B - a potion of lignification {unknown}
 D - 2 potions of haste {unknown}
Comestibles
 c - 4 bread rations
 i - 7 meat rations


   Skills:
 - Level 10.0 Fighting
 - Level 10.0 Maces & Flails
 * Level 6.6 Throwing
 + Level 8.7 Dodging
 + Level 7.9 Shields


You had 10 spell levels left.
You didn't know any spells.
Your spell library was empty.

Dungeon Overview and Level Annotations

Branches:
Dungeon (11/15)            Temple (0/1) D:5            Lair (0/6) D:8
    Orc: D:9-12

Altars:
Fedhas
Wu Jian

Shops:
D:6 ?

Portals:
Trove: D:10 (show abyssal rune of Zot)


Innate Abilities, Weirdness & Mutations

You are too large for most types of armour.
You have tough skin. (AC +1)


Message History

The orc is too close now for your liking.
Throwing (i - inventory. (/) - cycle)
b - 67 poisoned darts (quivered)
Press: ? - help, Shift-Dir - straight line, f/p - orc
Aim: an orc, carrying a wand of acid You throw a poisoned dart.
The poisoned dart closely misses the orc.
Throwing (i - inventory. (/) - cycle)
b - 66 poisoned darts (quivered)
Press: ? - help, Shift-Dir - straight line, f/p - orc
Aim: an orc, carrying a wand of acid You throw a poisoned dart.
The poisoned dart hits the orc!
The orc is poisoned.
The orc zaps its wand of acid.
The bolt of acid misses you.
Throwing (i - inventory. (/) - cycle)
b - 65 poisoned darts (quivered)
Press: ? - help, Shift-Dir - straight line, f/p - orc
Aim: an orc, carrying a wand of acid (poisoned)
You throw a poisoned dart.
The poisoned dart closely misses the orc.
The orc zaps its wand of acid.
The bolt of acid hits you!
* * * LOW HITPOINT WARNING * * *
The acid corrodes you!
You are splashed with acid!
The acid burns!
You die...

...# ... ..... ... ....#
..# #...######..####
######..........c...c
...................c.
#..........((#
##?......(...(# #
.........(...o#####..###
...........(()))@..(.(..
.........#########......
#######..# .####
.........####### #
................
.#######........
[#######...#####
...........#####
................
##....<.>......
#..###########


You could see an orc.

Vanquished Creatures
  A tengu warrior (D:8)
  Urug (D:10)
  Pikel (D:7)
  A gargoyle (D:10)
  An efreet (D:10)
  2 trolls
  Sigmund (D:5)
  5 yaks
  2 wraiths
  A hungry ghost (D:9)
  A hippogriff (D:11)
  Menkaure (D:4)
  Edmund (D:4)
  Duvessa (D:4)
  A sky beast (D:9)
  2 orc warriors
  5 phantoms
  2 ice beasts (D:9)
  8 ogres
  9 centaurs
  11 bullfrogs
  A water moccasin zombie (D:8)
  4 scorpions
  11 killer bees
  5 wights (D:10)
  4 goliath beetles
  A howler monkey (D:5)
  A lava snake (D:7)
  5 hounds
  A quasit (D:9)
  A bullfrog zombie (D:8)
  2 centaur zombies
  3 jellies
  9 orc wizards
  A bullfrog skeleton (D:7)
  5 orc priests
  2 centaur skeletons
  2 iguanas
  13 worker ants
  A killer bee zombie (D:9)
  A worker ant zombie (D:7)
  A howler monkey skeleton (D:10)
  7 adders
  A shadow imp (D:6)
  5 white imps
  3 ufetubi
  3 oozes
  2 adder skeletons (D:4)
  An adder zombie (D:3)
  3 worms
  A dart slug (D:1)
  6 leopard geckos
  28 orcs
  13 bats
  5 giant cockroaches
  6 goblins
  9 hobgoblins
  9 jackals
  3 weasels
  2 ball pythons
  6 frilled lizards
  A jackal zombie (D:8)
  7 kobolds
  9 rats
  A toadstool (D:1)
263 creatures vanquished.

Vanquished Creatures (others)
  2 slaves (D:7)
  A wyvern zombie (D:7)
  Dowan (D:4)
  An iguana (D:7)
  A hobgoblin (D:2)
  3 toadstools (D:1)
9 creatures vanquished.

Grand Total: 272 creatures vanquished

Notes
Turn   | Place    | Note
-------+----------+-------------------------------------------
     0 | D:1      | hilarita the Ogre Berserker began the quest for the Orb.
     0 | D:1      | Reached XP level 1. HP: 24/24 MP: 1/1
   184 | D:1      | Reached XP level 2. HP: 22/32 MP: 2/2
   687 | D:1      | Reached XP level 3. HP: 40/40 MP: 3/3
  1303 | D:2      | Reached ** piety under Trog
  1556 | D:2      | Reached XP level 4. HP: 49/49 MP: 4/4
  2005 | D:2      | Noticed ceb's ghost (amateur GnWn)
  2020 | D:2      | Witnessed revenge of ceb's ghost on a hobgoblin.
  3277 | D:3      | Reached skill level 5 in Fighting
  3813 | D:3      | Reached XP level 5. HP: 57/57 MP: 5/5
  4242 | D:4      | Reached skill level 5 in Maces & Flails
  4259 | D:4      | Reached *** piety under Trog
  4450 | D:4      | Noticed an ogre
  4455 | D:4      | Killed an ogre
  4455 | D:4      | Reached skill level 1 in Shields
  4455 | D:4      | Reached XP level 6. HP: 39/66 MP: 6/6
  5013 | D:4      | Noticed Edmund
  5042 | D:4      | Killed Edmund
  5042 | D:4      | Reached XP level 7. HP: 48/75 MP: 7/7
  5413 | D:4      | Noticed Duvessa
  5413 | D:4      | Noticed Dowan
  5413 | D:4      | Noticed ceb's ghost (amateur GnWn)
  5421 | D:4      | Killed Duvessa
  5422 | D:4      | Killed Dowan
  5422 | D:4      | Witnessed revenge of ceb's ghost on Dowan.
  5893 | D:4      | Reached XP level 8. HP: 75/84 MP: 8/8
  6265 | D:4      | Noticed Menkaure
  6273 | D:4      | Killed Menkaure
  6589 | D:5      | Entered Level 5 of the Dungeon
  6589 | D:5      | Noticed Sigmund
  6744 | D:5      | Killed Sigmund
  6744 | D:5      | Reached skill level 5 in Dodging
  7329 | D:5      | Found a blossoming altar of Fedhas.
  7396 | D:5      | Reached XP level 9. HP: 74/96 MP: 9/9
  7486 | D:5      | Found a staircase to the Ecumenical Temple.
  8377 | D:6      | Reached **** piety under Trog
  9301 | D:6      | Found Ruwepecite's Magic Scroll Shop.
  9647 | D:7      | Reached skill level 10 in Maces & Flails
  9652 | D:7      | Reached skill level 5 in Shields
  9681 | D:7      | HP: 7/98 [phantom (5)]
  9693 | D:7      | HP: 3/98 [scorpion (6)]
 10077 | D:7      | Noticed Pikel
 10105 | D:7      | Killed Pikel
 10105 | D:7      | Reached XP level 10. HP: 102/109 MP: 10/10
 10708 | D:7      | Reached skill level 10 in Fighting
 11142 | D:8      | Reached ***** piety under Trog
 11273 | D:8      | Found an ornate altar of the Wu Jian Council.
 11662 | D:8      | Noticed a tengu warrior
 11683 | D:8      | Killed a tengu warrior
 12115 | D:8      | You fall through a shaft!
 12301 | D:8      | Reached skill level 1 in Throwing
 12368 | D:8      | Found a staircase to the Lair.
 13075 | D:9      | Reached XP level 11. HP: 117/117 MP: 11/11
 13372 | D:10     | Entered Level 10 of the Dungeon
 13475 | D:10     | Found a portal to a secret trove of treasure.
 13827 | D:10     | Reached skill level 5 in Throwing
 13908 | D:10     | Received a gift from Trog
 13909 | D:10     | Got a slimy giant spiked club {god gift}
 13915 | D:10     | Identified the +6 giant spiked club of Othriafonk {drain,
                  | -Tele rN+ Dex+7} (Trog gifted it to you on level 10 of the
                  | Dungeon)
 14294 | D:10     | Noticed Urug
 14316 | D:10     | Killed Urug
 15677 | D:11     | HP: 5/117 [orc/wand of acid (8 charges) (11)]
 15677 | D:11     | Splashed by an orc's acid

Vault maps used:
D:1:      ldierk_water_garden
D:2:      first_bread, st_stairs_4, minmay_box_of_dots
D:4:      minmay_liquid_box, uniq_menkaure, uniq_edmund, uniq_duvessa
D:5:      temple_statues, fedhas_bush_and_centaur_altar, uniq_sigmund
D:6:      serial_shops, kennysheep_mini, minmay_misc_feat_enclosed
D:7:      cheibrodos_fzero, kennysheep_pointless_box, uniq_pikel
D:8:      lemuel_doored_altar, lair_entry_dummy
D:10:     nicolae_trove_entry_free_sample, uniq_urug
D:11:     serial_shops, shop

Skill      XL: |  1  2  3  4  5  6  7  8  9 10 11 |
---------------+----------------------------------+-----
Dodging        | 3 4 5 6 8 |  8.7
Maces & Flails | 4 5 6 7 8 10 | 10.0
Fighting       | 5 6 7 9 10 | 10.0
Shields        | 1 2 3 5 7 |  7.9
Throwing       | 3 6 |  6.6

Action                   |  1- 3 |  4- 6 |  7- 9 | 10-12 || total
-------------------------+-------+-------+-------+-------++-------
Melee: Mace              |    95 |   150 |       |       ||   245
       Flail             |       |    50 |   359 |   467 ||   876
Throw: Dart              |       |       |     5 |     4 ||     9
Invok: Berserk           |     2 |     2 |     3 |     5 ||    12
       Trog's Hand       |       |       |     3 |       ||     3
  Use: Scroll            |     1 |     9 |     6 |     5 ||    21
       Potion            |       |       |     2 |       ||     2
  Eat: Chunk             |     2 |    10 |    17 |    12 ||    41
       Bread ration      |       |     1 |     1 |     2 ||     4
       Fruit             |       |       |     1 |     3 ||     4
Armor: Animal skin       |    38 |    47 |    27 |       ||   112
       Robe              |       |       |    59 |   107 ||   166
Dodge: Dodged            |    59 |    69 |    93 |   160 ||   381
Block: Shield            |       |    57 |   147 |   258 ||   462

Table legend:
 A = Spawn XP
 B = Non-spawn XP
 C = Spawn XP percentage of total XP
 D = Spawn monster count
 E = Non-spawn monster count
 F = Spawn count percentage of total count
 G = Total turns spent on level
                    A         B        C        D         E        F      G
               +---------+---------+-------+---------+---------+-------+---------
         Total |    2232 |   12357 |  15.3 |      48 |     214 |  18.3 | 15677
               +---------+---------+-------+---------+---------+-------+---------
           D:1 |       9 |      41 |  18.0 |       5 |      23 |  17.9 |  1237
           D:2 |      24 |      58 |  29.3 |       5 |      22 |  18.5 |  1597
           D:3 |       8 |      28 |  22.2 |       4 |      12 |  25.0 |  1187
           D:4 |     446 |    1077 |  29.3 |       9 |      32 |  22.0 |  2709
           D:5 |     239 |     738 |  24.5 |       4 |      12 |  25.0 |  1267
           D:6 |      12 |    1001 |   1.2 |       1 |      20 |   4.8 |  1731
           D:7 |       0 |    2296 |   0.0 |       0 |      29 |   0.0 |  1345
           D:8 |     162 |    1297 |  11.1 |       4 |      13 |  23.5 |  1293
           D:9 |       0 |    2223 |   0.0 |       0 |      26 |   0.0 |  1006
          D:10 |     410 |    2995 |  12.0 |       6 |      22 |  21.4 |  1948
          D:11 |     922 |     603 |  60.5 |      10 |       3 |  76.9 |   357
               +---------+---------+-------+---------+---------+-------+---------
